 Dungeon Crawl Stone Soup version 0.21-a0-338-g36cf2fc (webtiles) character file.

44 Hasart the Magician (level 3, -3/19 HPs)
             Began as a Kobold Wizard on Oct 3, 2017.
             Killed from afar by Jessica (9 damage)
             ... with a wand of flame (?/48)
             ... on level 3 of the Dungeon.
             The game lasted 00:04:52 (2477 turns).

Hasart the Magician (Kobold Wizard)                 Turns: 2477, Time: 00:04:53

Health: -3/19      AC:  2    Str:  4    XL:     3   Next: 85%
Magic:  2/8        EV: 15    Int: 20    God:
Gold:   72         SH:  0    Dex: 13    Spells: 1/9 levels left

rFire    . . .     SeeInvis .   l - +0 short sword
rCold    . . .     Gourm    .   (shield restricted)
rNeg     . . .     Faith    .   a - +0 robe
rPois    .         Spirit   .   b - +0 hat
rElec    .         Reflect  .   (no cloak)
rCorr    +         Harm     .   (no gloves)
MR       .....                  (no boots)
Stlth    ++........             (no amulet)
HPRegen  0.06/turn              f - ring of resist corrosion
MPRegen  0.11/turn              (no ring)

@: no status effects
A: carnivore 3
a: no special abilities


You were on level 3 of the Dungeon.
You were completely stuffed.

You visited 1 branch of the dungeon, and saw 3 of its levels.

You collected 72 gold pieces.

Inventory:

Hand Weapons
 l - a +0 short sword (weapon)
Armour
 a - a +0 robe (worn)
 b - a +0 hat (worn)
 m - a +0 buckler
Jewellery
 e - an uncursed ring of fire
 f - a ring of resist corrosion (left hand)
Scrolls
 g - 3 scrolls of teleportation {unknown}
 h - 2 scrolls of remove curse {unknown}
 j - a scroll of amnesia {unknown}
 n - 2 scrolls of recharging {unknown}
Potions
 i - a potion of invisibility {unknown}
 k - a potion of heal wounds {unknown}
Books
 c - a book of Minor Magic

   Spells                             Type                      Level
   a - Magic Dart                     Conjuration                  1
   b - Blink                          Translocation                2
   c - Call Imp                       Summoning                    2
   d - Slow                           Hexes                        2
   e - Conjure Flame                  Conjuration/Fire             3
   f - Mephitic Cloud                 Conjuration/Poison/Air       3
Comestibles
 d - a meat ration
 p - a royal jelly


   Skills:
 - Level 2.4 Dodging
 - Level 2.6 Stealth
 + Level 3.7 Spellcasting
 * Level 2.6 Conjurations
 + Level 1.4 Summonings
 - Level 1.0 Translocations


You had one spell level left.
You knew the following spells:

 Your Spells              Type           Power        Failure   Level  Hunger
a - Magic Dart            Conj           ##..         4%          1    None
b - Blink                 Tloc           N/A          13%         2    ##.....
c - Call Imp              Summ           #.......     11%         2    ##.....
d - Mephitic Cloud        Conj/Pois/Air  #.......     28%         3    ###....


Dungeon Overview and Level Annotations

Branches:
Dungeon (3/15)

Altars:

Annotations:
D:3 Jessica


Innate Abilities, Weirdness & Mutations

You are small and have problems with some larger weapons.
You are carnivorous and can eat meat at any time.


Message History

Jessica is moderately wounded.
Casting: Magic Dart
Confirm with . or Enter, or press ? or * to list all spells.
Aiming: Magic Dart
Press: ? - help, Shift-Dir - straight line, f/p - Jessica
Aim: Jessica, wielding a club and wearing a robe (moderately wounded)
The magic dart hits Jessica.
Jessica is moderately wounded.
Jessica zaps a wand.
The puff of flame hits you!
Ouch! That really hurt!
It is a wand of flame (?/48).
Casting: Magic Dart
Confirm with . or Enter, or press ? or * to list all spells.
Aiming: Magic Dart
Press: ? - help, Shift-Dir - straight line, f/p - Jessica
Aim: Jessica, wielding a club, wearing a robe and carrying a wand of flame (?/48) {zapped: 1} (moderately wounded)
The magic dart hits Jessica.
Jessica is severely wounded.
Jessica zaps a wand.
The puff of flame hits you!
You die...

##..#. ... .(
..##..#
......?.####
.#.........
.....@..#
#.......#
...###.......#
......)@.....#
#.####.......#
#.......#
######>## #


You could see Jessica.

Vanquished Creatures
  2 dart slugs (D:2)
  5 bats
  A giant cockroach (D:2)
  5 goblins
  6 hobgoblins
  6 kobolds
  4 frilled lizards
  5 rats
34 creatures vanquished.

Vanquished Creatures (collateral kills)
  A worm (D:2)
  A hobgoblin (D:2)
  A kobold (D:2)
3 creatures vanquished.

Grand Total: 37 creatures vanquished

Notes
Turn   | Place    | Note
-------+----------+-------------------------------------------
     0 | D:1      | Hasart the Kobold Wizard began the quest for the Orb.
     0 | D:1      | Reached XP level 1. HP: 10/10 MP: 4/4
   630 | D:1      | Reached XP level 2. HP: 15/15 MP: 1/6
   780 | D:1      | Learned a level 2 spell: Blink
   783 | D:1      | Learned a level 2 spell: Call Imp
  1384 | D:2      | Reached XP level 3. HP: 19/19 MP: 2/8
  2041 | D:2      | Learned a level 3 spell: Mephitic Cloud
  2472 | D:3      | Noticed Jessica
  2477 | D:3      | Killed from afar by Jessica

Vault maps used:
D:1:      lemuel_arrival_lava_pool
D:2:      first_bread, minmay_goblin_kobold_house
D:3:      uniq_jessica

Skill      XL: |  1  2 |
---------------+-------+-----
Conjurations   | 2 |  2.6
Dodging        | |  2.4
Stealth        | |  2.6
Spellcasting   | |  3.7
Summonings     | |  1.4
Translocations | |  1.0

Action                   || total
-------------------------++-------
Melee: Club              ||    26
       Unarmed           ||     1
       Short sword       ||    39
 Cast: Magic Dart        ||    73
       Call Imp          ||     3
 Stab: Sleeping          ||     1
  Eat: Chunk             ||    13
Armor: Robe              ||    39
Dodge: Dodged            ||   128

Table legend:
 A = Spawn XP
 B = Non-spawn XP
 C = Spawn XP percentage of total XP
 D = Spawn monster count
 E = Non-spawn monster count
 F = Spawn count percentage of total count
 G = Total turns spent on level
                    A         B        C        D         E        F      G
               +---------+---------+-------+---------+---------+-------+---------
         Total |       0 |      63 |   0.0 |       0 |      37 |   0.0 |  2477
               +---------+---------+-------+---------+---------+-------+---------
           D:1 |       0 |      21 |   0.0 |       0 |      14 |   0.0 |  1007
           D:2 |       0 |      40 |   0.0 |       0 |      22 |   0.0 |  1439
           D:3 |       0 |       2 |   0.0 |       0 |       1 |   0.0 |    31
               +---------+---------+-------+---------+---------+-------+---------
